 Dungeon Crawl Stone Soup version 0.25.1-2-g60ff931df9 (webtiles) character file.

Game seed: 14165024876464839787

128605 Johnny the Phalangite (level 16, -16/144 HPs)
             Began as a Demigod Gladiator on Aug 21, 2020.
             Demolished by a lorocyproca (28 damage)
             ... summoned by Rueg Imm the Hellbinder
             ... in a wizard's laboratory.
             The game lasted 00:48:02 (41105 turns).

Johnny the Phalangite (Demigod Gladiator)          Turns: 41105, Time: 00:48:03

Health: -16/144    AC: 28    Str: 29    XL:     16   Next: 1%
Magic:  15/28      EV: 11    Int: 22    God:
Gold:   1544       SH:  0    Dex: 24    Spells: 15/15 levels left

rFire    . . .     SeeInvis .   F - +5 halberd (vorpal)
rCold    + . .     Gourm    .   (shield currently unavailable)
rNeg     + . .     Faith    .   V - +10 plate armour {ponderous}
rPois    +         Spirit   .   W - +2 hat
rElec    .         Reflect  .   n - scarf {harm}
rCorr    .         Harm     +   Q - +2 pair of gloves
MR       +++..                  q - +0 pair of boots
Stlth    ..........             R - amulet of Haps {RegenMP MR+ MP+9 Str+2 Int+4 Dex+4}
HPRegen  0.34/turn              K - ring of Arrival {rPois rN+ MR+ Int+6 Dex+3}
MPRegen  0.46/turn              J - ring of protection from cold

@: mighty, hasted, studying Maces & Flails, very quick
A: high mp 1
a: no special abilities


You were in a wizard's laboratory.
You were full.

You visited 5 branches of the dungeon, and saw 27 of its levels.
You also visited: Sewer and Wizlab.

You collected 2922 gold pieces.
You spent 1378 gold pieces at shops.

Inventory:

Hand Weapons
 g - a +0 demon trident
 o - a +3 vorpal glaive
 F - a +5 vorpal halberd (weapon)
 P - a +0 halberd
Armour
 n - a scarf of harm (worn)
 q - a +0 pair of boots (worn)
 I - a +0 troll leather armour
 Q - a +2 pair of gloves (worn)
 V - a +10 plate armour of ponderousness (worn)
 W - a +2 hat (worn)
Jewellery
 e - a +6 ring of strength
 t - a +4 ring of evasion
 v - an uncursed ring of protection from cold
 A - a +6 ring of dexterity {unknown}
 B - an uncursed ring of see invisible
 J - a ring of protection from cold (right hand)
 K - the ring of Arrival (left hand) {rPois rN+ MR+ Int+6 Dex+3}
   (You found it on level 11 of the Dungeon)

   [ring of intelligence]

   It affects your intelligence (+6).
   It affects your dexterity (+3).
   It protects you from poison.
   It protects you from negative energy.
   It affects your resistance to hostile enchantments.
 R - the amulet of Haps (around neck) {RegenMP MR+ MP+9 Str+2 Int+4 Dex+4}
   (You acquired it on level 11 of the Dungeon)

   [amulet of magic regeneration]

   It increases your magic regeneration.
   It affects your strength (+2).
   It affects your intelligence (+4).
   It affects your dexterity (+4).
   It affects your resistance to hostile enchantments.
   It affects your magic capacity (+9).
 S - an uncursed amulet of the acrobat
 U - an uncursed ring of stealth {unknown}
 Y - an uncursed ring of magical power {unknown}
Wands
 d - a wand of polymorph (4)
 l - a wand of paralysis (7)
 G - a wand of flame (11)
Scrolls
 b - 3 scrolls of fog
 c - 3 scrolls of torment
 k - 11 scrolls of teleportation
 p - 5 scrolls of enchant armour
 u - 12 scrolls of remove curse
 w - a scroll of vulnerability
 E - a scroll of magic mapping
 L - 3 scrolls of amnesia
 M - 3 scrolls of immolation
 T - a scroll of silence {unknown}
Potions
 h - 4 potions of curing
 i - 8 potions of flight
 j - a potion of haste
 m - 4 potions of degeneration
 r - 5 potions of stabbing
 s - 4 potions of berserk rage
 x - 4 potions of cancellation
 z - 4 potions of mutation
 C - 2 potions of magic
 D - 5 potions of brilliance
 H - a potion of might
 N - 3 potions of lignification
Books
 O - a manual of Maces & Flails
Comestibles
 f - 32 rations


   Skills:
 + Level 13.6 Fighting
 * Level 21.4 Polearms
 - Level 1.7 Throwing
 + Level 4.0 Armour
 + Level 5.0 Dodging


You had 15 spell levels left.
You didn't know any spells.
Your spell library contained the following spells:

 Spells                   Type           Power        Failure   Level  Hunger
 Animate Skeleton         Necr           N/A          88%         1    ##.....
 Apportation              Tloc           #.....       88%         1    ##.....
 Beastly Appendage        Tmut           #.....       88%         1    ##.....
 Corona                   Hex            #......      88%         1    ##.....
 Infusion                 Chrm           #...         88%         1    ##.....
 Magic Dart               Conj           #...         88%         1    ##.....
 Pain                     Necr           #...         88%         1    ##.....
 Shock                    Conj/Air       #...         88%         1    ##.....
 Summon Butterflies       Summ           #.......     88%         1    ##.....
 Summon Small Mammal      Summ           #...         88%         1    ##.....
 Corpse Rot               Necr/Air       N/A          95%         2    ###....
 Poisonous Vapours        Pois/Air       #.....       95%         2    ###....
 Searing Ray              Conj           #.....       95%         2    ###....
 Shroud of Golubria       Chrm/Tloc      #.....       95%         2    ###....
 Slow                     Hex            #.......     95%         2    ###....
 Sticks to Snakes         Tmut           #.......     95%         2    ###....
 Sublimation of Blood     Necr           #.........   95%         2    ###....
 Swiftness                Chrm/Air       #.......     95%         2    ###....
 Call Canine Familiar     Summ           #.......     99%         3    ####...
 Confusing Touch          Hex            #.......     99%         3    ####...
 Conjure Flame            Conj/Fire      #.......     99%         3    ####...
 Dazzling Flash           Conj/Hex       #.....       99%         3    ####...
 Gell's Gravitas          Tloc           #.........   99%         3    ####...
 Inner Flame              Hex/Fire       #.......     99%         3    ####...
 Lesser Beckoning         Tloc           #.........   99%         3    ####...
 Mephitic Cloud           Conj/Pois/Air  #.......     99%         3    ####...
 Portal Projectile        Hex/Tloc       #.....       99%         3    ####...
 Spider Form              Tmut/Pois      #.........   99%         3    ####...
 Static Discharge         Conj/Air       #.......     99%         3    ####...
 Tukima's Dance           Hex            #.......     99%         3    ####...
 Cause Fear               Hex            #.........   100%        4    #####..
 Dispel Undead            Necr           #.......     100%        4    #####..
 Fulminant Prism          Conj/Hex       #.........   100%        4    #####..
 Ice Form                 Ice/Tmut       #.......     100%        4    #####..
 Iskenderun's Mystic Bla  Conj/Tloc      #.......     100%        4    #####..
 Leda's Liquefaction      Hex/Erth       #.........   100%        4    #####..
 Petrify                  Tmut/Erth      #.......     100%        4    #####..
 Summon Lightning Spire   Summ/Air       #.......     100%        4    #####..
 Agony                    Necr           #.......     100%        5    ######.
 Alistair's Intoxication  Tmut/Pois      #.......     100%        5    ######.
 Aura of Abjuration       Summ           #.........   100%        5    ######.
 Blade Hands              Tmut           #.........   100%        5    ######.
 Bolt of Magma            Conj/Fire/Erth #.........   100%        5    ######.
 Excruciating Wounds      Chrm/Necr      #.........   100%        5    ######.
 Iskenderun's Battlesphe  Conj/Chrm      #.......     100%        5    ######.
 Lightning Bolt           Conj/Air       #.........   100%        5    ######.
 Metabolic Englaciation   Hex/Ice        #.........   100%        5    ######.
 Silence                  Hex/Air        #.........   100%        5    ######.
 Summon Mana Viper        Hex/Summ       #.......     100%        5    ######.
 Yara's Violent Unravell  Hex/Tmut       #.........   100%        5    ######.
 Freezing Cloud           Conj/Ice/Air   #.........   100%        6    #######
 Invisibility             Hex            #.......     100%        6    #######
 Iron Shot                Conj/Erth      #.........   100%        6    #######
 Orb of Destruction       Conj           #.........   100%        7    #######
 Ring of Flames           Chrm/Fire      #.........   100%        7    #######
 Spellforged Servitor     Conj/Summ      #.........   100%        7    #######
 Summon Hydra             Summ           #.........   100%        7    #######
 Discord                  Hex            #.........   100%        8    #######
 Ignition                 Fire           #.........   100%        8    #######
 Shatter                  Erth           #.........   100%        9    #######
 Tornado                  Air            #.........   100%        9    #######


Dungeon Overview and Level Annotations

Branches:
Dungeon (15/15)            Temple (0/1) D:4            Lair (6/6) D:8
 Shoals (0/4) Lair:3        Snake (0/4) Lair:3        Slime (0/5) Lair:6
    Orc (2/2) D:9             Elf (3/3) Orc:2        Vaults (0/5) D:14
 Depths (1/5) D:15          Sewer (visited)          WizLab (1/1)

Shops:
D:4 !   D:5 *   D:7 (   D:8 *   D:10 =   Orc:2 :*[(

Annotations:
D:11 1 runed translucent door
D:14 Azrael


Innate Abilities, Weirdness & Mutations

You have an increased reservoir of magic. (+10% MP)


Message History

The Ice Fiend gestures at you. The bolt of cold hits you! You resist.
* * * LOW HITPOINT WARNING * * *
Unknown command.
Okay, then.
Evoke which item? (* to show all) (? for menu, Esc to quit)
Aiming: Paralyse
Press: ? - help, Shift-Dir - straight line, f/p - Rueg Imm
Aim: Rueg Imm the Hellbinder, wielding the +6 Majin-Bo {vamp, Archmagi MP+6 Int+6} and wearing the ring of Nuses {rN++ Str+6 Int+2} (almost dead, fast, chance to defeat MR: 1%)
Okay, then.
Okay, then.
Okay, then.
Okay, then.
Something hits you!
* * * LOW HITPOINT WARNING * * *
You feel your power leaking away.
Deactivating autopickup; reactivate with Ctrl-A.
Found a short smoking staff and a hardcover book.
You feel better. Rueg Imm hits you but does no damage. Something hits you!!
You die...

###'''###
###.....##
###.........#
##§............
##§§.§..........
#§§§...#####....
##..)..## #...
#.1...##.. #..
#.@........
#..@........
#............
#............
.......##....
#$....... #8_8
#"|....... ##
8.:|.......


You could see Rueg Imm the Hellbinder (fast) and an Ice Fiend (summoned).

Vanquished Creatures
  Jorgrun (D:13)
  A tengu reaver (D:11)
  An orc warlord (D:9)
  A blood saint (WizLab)
  A deep elf annihilator (Elf:1)
  2 deep elf demonologists
  3 blizzard demons (WizLab)
  A yaktaur captain (D:15)
  Harold (Lair:1)
  3 centaur warriors
  A hell beast (WizLab)
  8 hydras
  Erica (D:10)
  A merfolk avatar (Lair:6)
  6 two-headed ogres
  An ogre mage (D:11)
  4 death yaks
  6 dancing weapons
  An orc high priest (Orc:2)
  A tengu warrior (D:14)
  A deep troll earth mage (D:11)
  8 deep elf knights
  A sun demon (WizLab)
  A soul eater (WizLab)
  4 skeletal warriors
  2 unseen horrors
  A wizard (D:14)
  A lindwurm (Lair:6)
  A shadow demon (WizLab)
  2 sea snakes
  3 orc knights
  A death drake (Lair:2)
  3 deep elf archers
  40 deep elf magi
  3 orc sorcerers
  5 ugly things
  A harpy (D:9)
  Joseph (Lair:1)
  A cyclops (Orc:2)
  3 manticores
  3 elephants (Lair:6)
  2 smoke demons (WizLab)
  3 rust devils (WizLab)
  3 merfolk sirens (Lair:3)
  Maurice (D:13)
  2 black mambas
  2 orange demons (WizLab)
  A gargoyle (D:14)
  14 spiny frogs
  5 rime drakes
  2 hellwings (WizLab)
  10 komodo dragons
  2 kobold demonologists (D:12)
  A yaktaur (D:15)
  Maggie (D:7)
  4 ice devils (WizLab)
  A tormentor (WizLab)
  A tengu conjurer (D:14)
  4 red devils (WizLab)
  7 trolls
  A meliai (D:8)
  A merfolk (Lair:3)
  2 polar bears (Lair:6)
  5 hornets
  A slime creature (D:11)
  Prince Ribbit (D:6)
  10 hippogriffs
  16 blink frogs
  22 flying skulls
  2 shadows
  4 wyverns
  A vampire (D:14)
  A ynoxinul (WizLab)
  2 air elementals
  4 fire elementals
  2 water elementals (Elf:1)
  A human (D:7)
  24 yaks
  2 hogs (D:7)
  4 wraiths
  5 basilisks
  4 hungry ghosts
  3 vampire mosquitoes (D:13)
  Menkaure (D:4)
  2 wargs
  A chaos spawn (WizLab)
  4 nagas (Lair:3)
  A two-headed ogre zombie (D:9)
  18 water moccasins
  3 porcupines
  6 hell hounds (D:14)
  27 orc warriors
  4 ice beasts
  2 sky beasts
  3 black bears
  An eye of draining (D:11)
  4 phantoms
  A hornet zombie (D:11)
  7 ogres
  4 wolves (Lair:3)
  9 centaurs
  14 crocodiles
  4 big kobolds
  18 bullfrogs
  An earth elemental (Elf:1)
  A gnoll sergeant (D:7)
  2 wyvern skeletons
  6 scorpions
  2 troll zombies (D:9)
  13 killer bees
  15 wights
  2 howler monkeys
  10 crimson imps
  3 quasits
  5 centaur zombies
  12 hounds
  5 jellies
  6 centaur skeletons
  A bullfrog skeleton (D:11)
  16 orc priests
  Crazy Yiuf (D:5)
  2 iguanas
  Ijyb (D:5)
  25 orc wizards
  11 worker ants
  5 ogre zombies (D:9)
  A hound zombie (D:9)
  A worker ant zombie (D:5)
  A howler monkey zombie (D:8)
  7 gnolls
  A howler monkey skeleton (D:5)
  22 adders
  A river rat (Sewer)
  3 shadow imps
  10 oozes
  3 adder skeletons
  2 worms
  2 dart slugs
  9 leopard geckos
  84 orcs
  3 ball pythons
  6 giant cockroaches
  11 goblins
  13 hobgoblins
  8 jackals
  24 kobolds
  5 quokkas
  9 bats
  4 frilled lizards
  A goblin skeleton (D:9)
  A goblin zombie (D:9)
  2 hobgoblin skeletons (D:9)
  4 hobgoblin zombies (D:9)
  A jackal skeleton (D:7)
  2 leopard gecko skeletons
  An orc skeleton (D:9)
  16 orc zombies (D:9)
  9 rats
861 creatures vanquished.

Vanquished Creatures (collateral kills)
  A lorocyproca (WizLab)
  A two-headed ogre (D:11)
  2 tengu warriors (D:11)
  An orange demon (WizLab)
  An ice devil (WizLab)
  A troll (D:11)
  A bullfrog (D:11)
8 creatures vanquished.

Vanquished Creatures (others)
  A hog (D:7)
  2 wights (D:6)
  14 fungi
  32 plants
  12 toadstools (D:4)
  4 withered plants (D:9)
65 creatures vanquished.

Grand Total: 934 creatures vanquished

Notes
Turn   | Place    | Note
-------+----------+-------------------------------------------
     0 | D:1      | Johnny the Demigod Gladiator began the quest for the Orb.
     0 | D:1      | Reached XP level 1. HP: 17/17 MP: 3/3
    64 | D:1      | Reached skill level 3 in Polearms
    69 | D:1      | Reached XP level 2. HP: 15/24 MP: 4/4
   699 | D:2      | Reached XP level 3. HP: 25/30 MP: 5/5
  1187 | D:2      | You fall into a shaft and drop 1 floor!
  1196 | D:3      | Reached skill level 4 in Polearms
  1558 | D:2      | Found a radiant altar of Vehumet.
  1751 | D:3      | Reached XP level 4. HP: 22/37 MP: 6/6
  2634 | D:4      | Reached XP level 5. HP: 42/45 MP: 7/7
  2656 | D:4      | Found Vyukaipy's Distillery.
  2664 | D:4      | Bought a potion of curing for 33 gold pieces
  2664 | D:4      | Bought a potion of ambrosia for 88 gold pieces
  2664 | D:4      | Bought a potion of flight for 33 gold pieces
  2696 | D:4      | Found a staircase to the Ecumenical Temple.
  2760 | D:4      | Reached skill level 5 in Polearms
  3393 | D:4      | Reached XP level 6. HP: 6/52 MP: 8/8
  3843 | D:4      | Found a bloodstained altar of Trog.
  4145 | D:4      | Noticed Menkaure
  4153 | D:4      | Killed Menkaure
  4153 | D:4      | Reached skill level 6 in Polearms
  4593 | D:4      | Reached XP level 7. HP: 54/60 MP: 9/9
  4728 | D:5      | Entered Level 5 of the Dungeon
  4728 | D:5      | Noticed Edmund
  4755 | D:4      | Noticed Edmund
  4755 | D:4      | Edmund changed into Edmund the killer bee
  4766 | D:4      | Killed Edmund the killer bee
  5087 | D:5      | Reached skill level 7 in Polearms
  5108 | D:5      | Found a runed translucent door.
  5111 | D:5      | Noticed Crazy Yiuf
  5132 | D:5      | Noticed Ijyb
  5152 | D:5      | Killed Ijyb
  5152 | D:5      | Reached skill level 5 in Fighting
  5707 | D:5      | Found Emososirch's General Store.
  5714 | D:5      | Bought a potion of might for 52 gold pieces
  6030 | D:5      | Paralysed by Crazy Yiuf for 2 turns
  6042 | D:5      | Killed Crazy Yiuf
  6332 | D:6      | Found a glowing drain.
  6363 | Sewer    | Entered a sewer
  6566 | Sewer    | Reached XP level 8. HP: 68/69 MP: 10/10
  6585 | Sewer    | Reached skill level 8 in Polearms
  6631 | Sewer    | Found a white marble altar of Elyvilon.
  6809 | D:6      | Noticed Prince Ribbit
  7286 | D:6      | Found a sacrificial altar of Ru.
  7683 | D:6      | Killed Prince Ribbit
  7683 | D:6      | Reached skill level 9 in Polearms
  8490 | D:7      | Noticed a hippogriff
  8501 | D:7      | Killed a hippogriff
  8501 | D:7      | Reached XP level 9. HP: 46/78 MP: 11/11
  8713 | D:7      | Reached skill level 10 in Polearms
  8997 | D:7      | Found Ytib's Antique Weapon Emporium.
  9340 | D:7      | You fall into a shaft and drop 3 floors!
  9340 | D:10     | Entered Level 10 of the Dungeon
  9356 | D:10     | Noticed a two-headed ogre
  9360 | D:10     | Noticed Erica
  9806 | D:8      | Reached skill level 11 in Polearms
 10276 | D:7      | Noticed Maggie
 10285 | D:7      | Killed Maggie
 10534 | D:7      | Paralysed by a crimson imp for 6 turns
 10546 | D:7      | Reached XP level 10. HP: 87/88 MP: 13/13
 10605 | D:7      | Found a shattered altar of Ashenzari.
 11520 | D:8      | Found Gozag's Platinum Reserve.
 11525 | D:8      | Found an opulent altar of Gozag.
 11824 | D:8      | Found a staircase to the Lair.
 12163 | D:9      | Reached skill level 12 in Polearms
 12538 | D:9      | Found an ancient bone altar of Kikubaaqudgha.
 12541 | D:9      | Found a blossoming altar of Fedhas.
 12845 | D:9      | Found a staircase to the Orcish Mines.
 13318 | D:9      | Found a glowing golden altar of the Shining One.
 13418 | D:9      | Found an ornate altar of the Wu Jian Council.
 13418 | D:9      | Found a hazy altar of Hepliaklqana.
 13423 | D:9      | Noticed a harpy
 13442 | D:9      | Killed a harpy
 13442 | D:9      | Reached skill level 13 in Polearms
 13572 | D:9      | Noticed a centaur warrior
 13584 | D:9      | Killed a centaur warrior
 13871 | D:10     | Found Zykiek's Jewellery Shoppe.
 13883 | D:10     | Killed a two-headed ogre
 13883 | D:10     | Reached XP level 11. HP: 94/95 MP: 14/14
 14339 | D:10     | Killed Erica
 14349 | D:10     | Reached skill level 14 in Polearms
 14815 | D:10     | Noticed a two-headed ogre
 15347 | D:10     | Killed a two-headed ogre
 16205 | D:11     | Noticed an ogre mage
 16209 | D:11     | Reached skill level 15 in Polearms
 16218 | D:11     | Found a runed translucent door.
 16218 | D:11     | Noticed a tengu warrior
 16218 | D:11     | Noticed a tengu warrior
 16219 | D:11     | Noticed a two-headed ogre
 16240 | D:11     | Killed a two-headed ogre
 16240 | D:11     | Killed a tengu warrior
 16244 | D:11     | Killed a tengu warrior
 16466 | D:11     | Found a burning altar of Makhleb.
 16476 | D:11     | Got a glittering golden ring
 16477 | D:11     | Identified a scroll of acquirement
 16478 | D:11     | Acquired the amulet of Haps {RegenMP MR+ MP+9 Str+2 Int+4
                  | Dex+4}
 16480 | D:11     | Identified the ring of Arrival {rPois rN+ MR+ Int+6 Dex+3}
                  | (You found it on level 11 of the Dungeon)
 16484 | D:11     | Identified Sif Muna's Grimoire of Bewitchment
 16654 | D:11     | Identified the Compendium of Unholy Protection
 16658 | D:11     | Got a transparent ring mail
 16672 | D:11     | Identified the cursed +0 ring mail of the Little Devil
                  | {*Corrode Dex+9} (You found it on level 11 of the Dungeon)
 16873 | D:11     | Found a large runed translucent door.
 16874 | D:11     | Found a large runed translucent door.
 16875 | D:11     | Noticed an ogre mage
 17034 | D:11     | Killed an ogre mage
 17811 | D:11     | Found a shimmering altar of Xom.
 17811 | D:11     | Noticed a deep troll earth mage
 17820 | D:11     | Killed a deep troll earth mage
 18046 | D:11     | Found a stormy altar of Qazlal.
 18046 | D:11     | Noticed a tengu reaver
 18061 | D:11     | Killed a tengu reaver
 18061 | D:11     | Reached skill level 16 in Polearms
 18061 | D:11     | Reached XP level 12. HP: 67/103 MP: 15/15
 18777 | D:12     | Reached skill level 17 in Polearms
 18848 | Orc:1    | Entered Level 1 of the Orcish Mines
 20167 | Orc:2    | Entered Level 2 of the Orcish Mines
 21256 | Orc:2    | Found a staircase to the Elven Halls.
 21289 | Orc:2    | Noticed Nergalle
 21295 | Orc:2    | Noticed Nergalle
 21295 | Orc:2    | Nergalle changed into Nergalle the cyclops
 21303 | Orc:2    | Killed Nergalle the cyclops
 21606 | Orc:2    | Noticed an orc warlord
 21951 | D:9      | Killed an orc warlord
 22035 | Orc:2    | Found a roughly hewn altar of Beogh.
 22051 | Orc:2    | Reached XP level 13. HP: 111/111 MP: 16/16
 22052 | Orc:2    | Found Litoisunt's Antique Armour Shoppe.
 22067 | Orc:2    | Found Ocizid's Book Shoppe.
 22306 | Orc:2    | Bought a glowing scarf for 224 gold pieces
 22356 | Orc:2    | Found Juack's General Store.
 22363 | Orc:2    | Bought a potion of curing for 48 gold pieces
 22363 | Orc:2    | Bought a scroll of identify for 32 gold pieces
 22363 | Orc:2    | Bought a scroll of fog for 32 gold pieces
 22683 | Orc:2    | Found Rysu Cal's Antique Weapon Shoppe.
 22706 | Orc:2    | Bought a runed scarf for 224 gold pieces
 22872 | Lair:1   | Entered Level 1 of the Lair of Beasts
 22872 | Lair:1   | Noticed Joseph
 22878 | Lair:1   | Killed Joseph
 23296 | Lair:1   | Reached skill level 18 in Polearms
 23335 | Lair:1   | Noticed Harold
 23349 | Lair:1   | Killed Harold
 23692 | Lair:1   | Found a hazy altar of Hepliaklqana.
 23708 | Lair:1   | Reached skill level 10 in Fighting
 24264 | Lair:2   | Noticed Urug
 24266 | Lair:2   | Noticed Urug
 24266 | Lair:2   | Urug changed into Urug the death drake
 24272 | Lair:2   | Killed Urug the death drake
 24596 | Lair:2   | Found a dark tunnel.
 25021 | Lair:3   | Found a staircase to the Snake Pit.
 26396 | Lair:3   | Found a staircase to the Shoals.
 27712 | Lair:4   | Reached skill level 19 in Polearms
 28473 | Lair:5   | Reached XP level 14. HP: 115/121 MP: 17/17
 28954 | Lair:6   | Entered Level 6 of the Lair of Beasts
 29290 | D:10     | Bought a +4 ring of evasion for 612 gold pieces
 29597 | D:12     | Found the +3 giant club "Skullcrusher" {speed, Str+7}
 30319 | D:13     | Noticed Jorgrun
 30549 | D:13     | Killed Jorgrun
 30837 | D:13     | Noticed Maurice
 30842 | D:13     | Killed Maurice
 31118 | D:14     | Found a gate to the Vaults.
 31328 | D:14     | Noticed Azrael
 32403 | D:15     | Entered Level 15 of the Dungeon
 32575 | D:15     | Reached skill level 20 in Polearms
 32589 | D:15     | Found an ornate altar of the Wu Jian Council.
 32997 | D:15     | Found a staircase to the Depths.
 33894 | Depths:1 | Entered Level 1 of the Depths
 34419 | Lair:6   | Found a staircase to the Slime Pits.
 35540 | Lair:6   | Reached XP level 15. HP: 129/134 MP: 18/18
 36296 | Elf:1    | Entered Level 1 of the Elven Halls
 36982 | Elf:1    | Identified the cursed +1 leather armour of Mirth {Dex+3}
 37819 | Elf:1    | Reached skill level 21 in Polearms
 37819 | Elf:1    | Reached skill level 1 in Armour
 38504 | Elf:1    | Noticed an Executioner
 38631 | Elf:1    | Identified Linasiq's Compendium of Creative Attacks
 39617 | Elf:3    | Entered Level 3 of the Elven Halls
 39864 | Elf:3    | Found a magical portal.
 39871 | WizLab   | Entered The Hall of the Hellbinder
 40584 | WizLab   | Identified the Grimoire of the Escort
 41078 | WizLab   | Reached XP level 16. HP: 54/144 MP: 19/19
 41083 | WizLab   | Identified the ring of Nuses {rN++ Str+6 Int+2}
 41083 | WizLab   | Noticed Rueg Imm
 41086 | WizLab   | Reached skill level 5 in Dodging
 41093 | WizLab   | Noticed an Ice Fiend
 41101 | WizLab   | Found a burning altar of Makhleb.
 41104 | WizLab   | HP: 2/144 [something (18)]
 41105 | WizLab   | Demolished by a lorocyproca

Illustrated notes

Levels and vault maps discovered:
D:1:      dpeg_arrival_pits, layout_basic, serial_bayou_pond_e
D:2:      layout_loops_ring, marbit_many_paths
D:3:      layout_rooms, first_ration, serial_bayou_ford_a,
          minmay_fractal_squares_5
D:4:      cheibrodos_fertilizer, layout_loops_ring, kennysheep_mini_moat,
          minmay_temple_entry_enclosed_plants, serial_shops,
          nicolae_shop_temple_entry_statues_fountains,
          minmay_manual_mandibuliform, uniq_menkaure
D:5:      layout_cave_pools, serial_column_ruins, column_ruins_pillar_2,
          column_ruins_pillar_9, column_ruins_pillar_3, column_ruins_pillar_2,
          column_ruins_pillar_12, column_ruins_pillar_12, column_ruins_pillar_1,
          column_ruins_pillar_7, column_ruins_pillar_7, column_ruins_pillar_7,
          column_ruins_pillar_3, column_ruins_pillar_1, column_ruins_pillar_8,
          column_ruins_pillar_1, column_ruins_pillar_10, column_ruins_pillar_2,
          column_ruins_pillar_1, column_ruins_pillar_8, column_ruins_pillar_1,
          serial_shops, shop, minmay_lizard_king, uniq_edmund, uniq_ijyb,
          uniq_crazy_yiuf_cottage
D:6:      layout_gridville, nicolae_ru_sacrificial_ziggurat,
          cheibrodos_sewer_entry_bend, uniq_prince_ribbit1
D:7:      layout_rooms, old_standard_altar, serial_shops,
          nicolae_shop_waterfront, grunt_livestock, uniq_maggie
D:8:      layout_loops_corners, nicolae_gozag_zags_fifth_avenue,
          lair_entry_dummy
D:9:      layout_rooms, grunt_temple_overflow_growth_and_decay,
          nicolae_tso_swordbearing_angel, zombieorc2_lemuel,
          jmf_multi_god_temple
D:10:     cheibrodos_fzero, layout_layer_cave, enter_bailey_3, serial_shops,
          shop, uniq_erica
D:11:     minmay_the_grid_triangle_9x9_recursive_2_mashed
          [minmay_the_grid_triangle_9x9_prize_insulated,
          minmay_the_grid_triangle_9x9_subtriangle,
          minmay_the_grid_triangle_9x9_longest,
          minmay_the_grid_triangle_9x9_shrine], layout_irregular_city,
          jmf_multi_god_temple2
D:12:     layout_rooms, minmay_guarded_unrand_skullcrusher
D:13:     layout_cross, uniq_jorgrun, uniq_maurice
D:14:     layout_roguey, david_vaults_1, hangedman_abyss_or_decor_stabs,
          uniq_azrael
D:15:     grunt_enter_depths_snipers, layout_irregular_city,
          nicolae_water_bricks, basic_altar
Lair:1:   layout_regular_city, basic_altar, serial_bayou_lagoon_a,
          infiniplex_staircase_pool, uniq_joseph, uniq_harold
Lair:2:   layout_gridlike, enter_volcano_2, grunt_megastairs_1,
          lemuel_fruit_fields, infiniplex_staircase_pool_2, uniq_urug
Lair:3:   layout_cellular_growth, elwin_shoals_entry_stream,
          guppyfry_snake_entry_island, minivault_23, grunt_megastairs_4,
          lemuel_fruit_fields
Lair:4:   layout_cave_pods
Lair:5:   layout_roguey
Lair:6:   gammafunk_lair_ancient_temple, layout_gridlike, slime_dummy,
          serial_bayou_pond_a
Orc:1:    layout_diamond_mine
Orc:2:    grunt_orc_cross, layout_caves, nicolae_orc_flooded_monolith
Elf:1:    eino_elf_arrival_sip, layout_onion_city, minmay_elf_sorcery
Elf:2:    layout_loops_cross, gammafunk_ghost_fury_of_okawaru
Elf:3:    minmay_elf_hall_x, layout_onion_city, mu_enter_wizlab_6
Depths:1: layout_roguey, grunt_pan_entry_spiral, pf_coc_iceberg,
          abyss_entry_small_statue_room, chequers_serial_rivers_room_b,
          lightli_church_of_beogh, uniq_enchantress
WizLab:   wizlab_demon

Skill      XL: |  1  2  3  4  5  6  7  8  9 10 11 12 13 14 15 16 |
---------------+-------------------------------------------------+-----
Fighting       | 2 3 4 5 6 8 9 11 12 13 | 13.6
Polearms       | 3 4 5 6 7 9 11 13 16 17 19 20 21 | 21.4
Dodging        | 4 5 |  5.0
Armour         | 3 4 |  4.0
Throwing       | |  1.7

Action                   |  1- 3 |  4- 6 |  7- 9 | 10-12 | 13-15 | 16-18 || total
-------------------------+-------+-------+-------+-------+-------+-------++-------
Melee: Trident           |   139 |   271 |   294 |       |       |       ||   704
       Spear             |       |       |   373 |   192 |       |       ||   565
       Halberd           |       |       |       |   963 |  1267 |    17 ||  2247
Throw: Throwing net      |       |     1 |    11 |     3 |     2 |       ||    17
Evoke: Wand              |       |     2 |    21 |    50 |    42 |     1 ||   116
       Box of beasts     |       |       |       |     1 |       |       ||     1
  Use: Scroll            |       |     7 |    10 |    18 |    30 |       ||    65
       Potion            |       |       |     4 |     5 |    23 |     1 ||    33
 Stab: Sleeping          |     3 |     5 |     1 |       |       |       ||     9
       Held in net/web   |       |     1 |       |     4 |     4 |       ||     9
       Paralysed         |       |       |       |    10 |       |       ||    10
       Distracted        |       |       |       |     2 |       |       ||     2
  Eat: Chunk             |     3 |     5 |    15 |    28 |    38 |       ||    89
       Ration            |       |     1 |     2 |     4 |     9 |       ||    16
Armor: Leather armour    |    28 |    59 |    13 |       |       |       ||   100
       Ring mail         |       |       |   137 |    13 |       |       ||   150
       Chain mail        |       |       |       |   233 |       |       ||   233
       Troll leather arm |       |       |       |    87 |       |       ||    87
       Plate armour      |       |       |       |   103 |   685 |     8 ||   796
Dodge: Dodged            |    98 |   149 |   310 |   431 |   497 |     5 ||  1490
